 Dungeon Crawl Stone Soup version 0.23-a0-151-gf6d1ed2 (webtiles) character file.

2135 KristoblXynda the Cleaver (level 9, -3/111 HPs)
             Began as a Minotaur Berserker on Sept 7, 2018.
             Was a High Priest of Trog.
             Slain by an eight-headed hydra (4 damage)
             ... on level 8 of the Dungeon.
             The game lasted 00:12:40 (5693 turns).

KristoblXynda the Cleaver (Minotaur Berserker)      Turns: 5693, Time: 00:12:42

Health: -3/111     AC: 12    Str: 28    XL:     9   Next: 9%
Magic:  8/8        EV: 12    Int:  4    God:    Trog [*****.]
Gold:   476        SH:  0    Dex: 12    Spells: 8/8 levels left

rFire    + . .     SeeInvis .   N - +0 whip
rCold    . . .     Gourm    .   (no shield)
rNeg     . . .     Faith    +   u - +0 chain mail
rPois    .         Spirit   .   (helmet restricted)
rElec    .         Reflect  .   o - +0 cloak
rCorr    .         Harm     .   (no gloves)
MR       .....                  (no boots)
Stlth    ..........             r - amulet of faith
HPRegen  0.28/turn              e - ring of protection from fire
MPRegen  0.11/turn              s - ring of stealth

@: berserking, studying Unarmed Combat, very quick
A: retaliatory headbutt, horns 2
a: Berserk, Trog's Hand, Brothers in Arms, Renounce Religion


You were on level 8 of the Dungeon.
You worshipped Trog.
Trog was extremely pleased with you.
You were very hungry.

You visited 2 branches of the dungeon, and saw 9 of its levels.

You collected 476 gold pieces.

Inventory:

Hand Weapons
 m - a +1 hand axe of electrocution
 N - a +0 whip (weapon)
Missiles
 D - 2 poisoned javelins (quivered)
Armour
 o - a +0 cloak (worn)
 u - a +0 chain mail (worn)
 K - a +0 buckler
Jewellery
 e - a ring of protection from fire (left hand)
 i - an uncursed ring of resist corrosion
 r - an amulet of faith (around neck)
 s - a ring of stealth (right hand)
 L - an uncursed ring of flight
Wands
 w - a wand of paralysis (15)
 y - a wand of acid (4)
 G - a wand of digging (12)
 I - a wand of random effects (16)
Scrolls
 d - 5 scrolls of remove curse {unknown}
 h - 6 scrolls of teleportation
 j - a scroll of random uselessness {unknown}
 k - 3 scrolls of fog {unknown}
 l - 2 scrolls of amnesia
 v - a scroll of enchant armour {unknown}
 z - 3 scrolls of holy word {unknown}
 A - a scroll of noise {unknown}
 F - a scroll of vulnerability {unknown}
 H - 3 scrolls of magic mapping {unknown}
Potions
 a - a potion of agility {unknown}
 b - 3 potions of berserk rage
 f - 2 potions of heal wounds
 g - 3 potions of curing
 n - a potion of cancellation
 p - a potion of resistance
 q - 2 potions of lignification
 t - 3 potions of might
 x - a potion of mutation
 B - a potion of flight
 C - 2 potions of haste
 J - a potion of magic {unknown}
Books
 M - a manual of Unarmed Combat
Comestibles
 c - 12 rations
 E - a chunk of flesh


   Skills:
 + Level 5.4 Fighting
 + Level 9.7 Axes
 + Level 7.3 Armour
 + Level 6.7 Dodging
 + Level 2.8 Shields


You had 8 spell levels left.
You didn't know any spells.
Your spell library was empty.

Dungeon Overview and Level Annotations

Branches:
Dungeon (8/15)             Temple (1/1) D:4
   Lair: D:8-11

Altars:
Ashenzari
Cheibriados
Dithmenos
Elyvilon
Fedhas
Gozag
Hepliaklqana
Makhleb
Nemelex Xobeh
Okawaru
Qazlal
Ru
Sif Muna
Trog
Uskayaw
Vehumet
Wu Jian
Xom
Zin
The Shining One

Shops:
D:2 *


Innate Abilities, Weirdness & Mutations

You reflexively headbutt those who attack you in melee.
You have a pair of horns on your head.


Message History

The eight-headed hydra bites you.
The eight-headed hydra barely misses you.
The eight-headed hydra closely misses you.
The eight-headed hydra bites you!
* * * LOW HITPOINT WARNING * * *
The eight-headed hydra bites you but does no damage.
You hit the eight-headed hydra.
Your headbutt misses the eight-headed hydra.
The eight-headed hydra is almost dead.
The eight-headed hydra bites you but does no damage. x2
The eight-headed hydra bites you!
* * * LOW HITPOINT WARNING * * *
The eight-headed hydra bites you.
* * * LOW HITPOINT WARNING * * *
The eight-headed hydra bites you!
* * * LOW HITPOINT WARNING * * *
The eight-headed hydra bites you!
* * * LOW HITPOINT WARNING * * *
The eight-headed hydra bites you.
You die...

........... ###
.......... ..####
.........## ......
.........# ..##
.........# ..#
#....>...# ..#
#.†.....##### ..#
#..#...D....# ..#
#..#...@....# ###
###..#........#
#.............# #
#.#...........# ##
#. ...............#
..
..###............# #
..........#........#
# .# #....#........#
#
#....#<[......######


You could see an eight-headed hydra.

Vanquished Creatures
  Sigmund (D:3)
  An orc warrior (D:6)
  2 black bears (D:8)
  An ice beast (D:7)
  2 ogres
  A bullfrog (D:7)
  A scorpion (D:8)
  5 killer bees (D:8)
  3 wights (D:8)
  A howler monkey (D:5)
  2 centaur zombies
  A crimson imp (D:5)
  3 hounds
  Crazy Yiuf (D:2)
  2 orc priests
  A jelly (D:5)
  An orc wizard (D:4)
  A bullfrog skeleton (D:8)
  A centaur skeleton (D:7)
  Terence (D:2)
  Natasha (thrice) (D:3)
  4 iguanas
  3 worker ants
  A hound skeleton (D:6)
  9 adders
  5 river rats (D:6)
  An ooze (D:6)
  An adder skeleton (D:8)
  3 worms
  2 dart slugs
  4 leopard geckos
  17 orcs
  3 ball pythons
  11 bats
  3 giant cockroaches
  6 goblins
  5 hobgoblins
  7 jackals
  10 quokkas
  7 frilled lizards
  9 kobolds
  A leopard gecko zombie (D:6)
  A quokka skeleton (D:4)
  A quokka zombie (D:7)
  23 rats
172 creatures vanquished.

Vanquished Creatures (others)
  5 dream sheep (D:3)
5 creatures vanquished.

Grand Total: 177 creatures vanquished

Notes
Turn   | Place    | Note
-------+----------+-------------------------------------------
     0 | D:1      | KristoblXynda the Minotaur Berserker began the quest for
                  | the Orb.
     0 | D:1      | Reached XP level 1. HP: 19/19 MP: 0/0
   315 | D:1      | Reached skill level 4 in Axes
   315 | D:1      | Reached XP level 2. HP: 20/26 MP: 1/1
   817 | D:2      | Found a stormy altar of Qazlal.
   823 | D:2      | Reached XP level 3. HP: 26/31 MP: 2/2
   847 | D:2      | Found a snail-covered altar of Cheibriados.
  1034 | D:2      | Found a deep blue altar of Sif Muna.
  1078 | D:2      | Found Zin's Purification Station.
  1081 | D:2      | Found a glowing silver altar of Zin.
  1111 | D:2      | Found a hazy altar of Hepliaklqana.
  1152 | D:2      | Noticed Terence
  1171 | D:2      | Killed Terence
  1171 | D:2      | Reached ** piety under Trog
  1171 | D:2      | Reached skill level 5 in Axes
  1171 | D:2      | Reached XP level 4. HP: 13/39 MP: 3/3
  1562 | D:2      | Found a runed door.
  1566 | D:2      | Noticed Crazy Yiuf
  1572 | D:2      | Killed Crazy Yiuf
  1657 | D:3      | Noticed Natasha
  1664 | D:3      | Killed Natasha
  1664 | D:3      | Reached XP level 5. HP: 45/45 MP: 4/4
  1784 | D:3      | Noticed Sigmund
  1791 | D:3      | Killed Sigmund
  1791 | D:3      | Reached skill level 6 in Axes
  1791 | D:3      | Reached XP level 6. HP: 51/51 MP: 5/5
  1831 | D:3      | Found an ornate altar of the Wu Jian Council.
  1895 | D:3      | Noticed Natasha
  1968 | D:3      | Killed Natasha
  1976 | D:3      | Noticed Natasha
  1983 | D:3      | Killed Natasha
  2087 | D:3      | Found a shimmering altar of Xom.
  2087 | D:3      | Noticed a dream sheep
  2087 | D:3      | Noticed a dream sheep
  2087 | D:3      | Noticed a dream sheep
  2087 | D:3      | Noticed a dream sheep
  2087 | D:3      | Noticed a dream sheep
  2092 | D:3      | Killed a dream sheep
  2092 | D:3      | Killed a dream sheep
  2092 | D:3      | Killed a dream sheep
  2092 | D:3      | Killed a dream sheep
  2092 | D:3      | Killed a dream sheep
  2244 | D:3      | Reached *** piety under Trog
  2388 | D:4      | Reached skill level 7 in Axes
  2693 | D:4      | Found an opulent altar of Gozag.
  2720 | D:4      | Reached skill level 5 in Armour
  2720 | D:4      | Reached XP level 7. HP: 33/57 MP: 6/6
  2898 | D:4      | Found a staircase to the Ecumenical Temple.
  3139 | Temple   | Entered the Ecumenical Temple
  3399 | D:5      | Entered Level 5 of the Dungeon
  3545 | D:5      | Found a bloodstained altar of Trog.
  3699 | D:5      | You fall through a shaft for 2 floors!
  3706 | D:7      | Reached skill level 5 in Dodging
  3718 | D:7      | Reached skill level 8 in Axes
  3781 | D:7      | Noticed a cyclops
  3851 | D:6      | Found a hide-covered altar of Uskayaw.
  3964 | D:6      | Found a shattered altar of Ashenzari.
  4061 | D:6      | Reached **** piety under Trog
  4071 | D:6      | Reached XP level 8. HP: 37/64 MP: 7/7
  4366 | D:7      | Received a gift from Trog
  4366 | D:7      | Reached skill level 9 in Axes
  5339 | D:8      | Found a white marble altar of Elyvilon.
  5353 | D:8      | Reached skill level 1 in Shields
  5447 | D:8      | Reached ***** piety under Trog
  5488 | D:8      | Reached skill level 5 in Fighting
  5533 | D:8      | Noticed an eight-headed hydra
  5546 | D:8      | Reached XP level 9. HP: 67/74 MP: 8/8
  5693 | D:8      | HP: 1/111 [eight-headed hydra (8)]
  5693 | D:8      | Slain by an eight-headed hydra

Vault maps used:
D:1:      dpeg_arrival_refuge, minmay_pentomino_r4
D:2:      old_standard_altar, zin_purify, nicolae_overflow_hidden_temple,
          uniq_crazy_yiuf_cottage, uniq_terence
D:3:      old_standard_altar, kb_xom_exploding_sheep, uniq_sigmund, uniq_natasha
D:4:      grunt_gozag_breadcrumbs, temple_hall, first_ration,
          minmay_misc_feat_pillars, st_stairs_2
D:5:      kennysheep_little_box, grunt_ministairs_13
D:6:      lemuel_ratsnest, eat_drink_and_be_merry_uskayaw, basic_altar
D:8:      elyvilon_altar_5
Temple:   grunt_temple_mini_profane

Skill      XL: |  1  2  3  4  5  6  7  8 |
---------------+-------------------------+-----
Axes           | 4 5 6 7 8 9 |  9.7
Armour         | 3 4 5 6 7 |  7.3
Dodging        | 3 4 5 6 |  6.7
Fighting       | 5 |  5.4
Shields        | 2 |  2.8

Action                   |  1- 3 |  4- 6 |  7- 9 || total
-------------------------+-------+-------+-------++-------
Melee: Hand axe          |    74 |   108 |   171 ||   353
       Headbutt          |     9 |    16 |    41 ||    66
       Whip              |       |       |     3 ||     3
Invok: Berserk           |     2 |     4 |     3 ||     9
       Brothers in Arms  |       |       |     1 ||     1
  Use: Scroll            |       |     5 |    13 ||    18
       Potion            |       |       |     1 ||     1
  Eat: Chunk             |     2 |     6 |     4 ||    12
       Ration            |       |     1 |     2 ||     3
Armor: Animal skin       |    33 |       |       ||    33
       Scale mail        |       |    41 |       ||    41
       Chain mail        |       |     5 |   108 ||   113
Dodge: Dodged            |    67 |    56 |   107 ||   230

Table legend:
 A = Non-vault XP
 B = Vault XP
 C = Vault XP percentage of total XP
 D = Non-vault monster count
 E = Vault monster count
 F = Vault count percentage of total count
                 A         B        C        D         E       F
            +---------+---------+-------+---------+---------+-------
      Total |    2525 |     525 |  17.2 |     130 |      42 |  24.4
            +---------+---------+-------+---------+---------+-------
        D:1 |      16 |       5 |  23.8 |      12 |       2 |  14.3
        D:2 |      62 |      77 |  55.4 |      21 |       2 |   8.7
        D:3 |     174 |     255 |  59.4 |      32 |       2 |   5.9
        D:4 |     186 |      36 |  16.2 |       8 |       2 |  20.0
        D:5 |     220 |       1 |   0.5 |      12 |       1 |   7.7
        D:6 |     288 |     151 |  34.4 |       7 |      33 |  82.5
        D:7 |     547 |       0 |   0.0 |      20 |       0 |   0.0
        D:8 |    1032 |       0 |   0.0 |      18 |       0 |   0.0
            +---------+---------+-------+---------+---------+-------
